 Dungeon Crawl Stone Soup version 0.17-a0-1-g1f4be75 (webtiles) character file.

98 McCoppin the Slasher (level 4, -1/35 HPs)
             Began as a Demonspawn Chaos Knight on Mar 5, 2015.
             Slain by an iron imp (5 damage)
             ... summoned by Natasha
             ... on level 3 of the Dungeon.
             The game lasted 00:07:57 (2311 turns).

McCoppin the Slasher (Demonspawn Chaos Knight)      Turns: 2311, Time: 00:07:59

Health: -1/35      AC:  9    Str: 14    XL:     4   Next: 44%
Magic:  4/4        EV: 11    Int: 13    God:    Xom [..*...]
Gold:   121        SH:  0    Dex: 12    Spells: 0 memorised, 3 levels left

rFire  . . .     SeeInvis .     a - +0 falchion (chaos)
rCold  . . .     Clarity  .     b - +3 leather armour
rNeg   . . .     SustAb   .     (no shield)
rPois  .         Gourm    .     m - +0 helmet
rElec  .         Spirit   .     (no cloak)
rCorr  .         Warding  .     (no gloves)
rMut   .         Stasis   .     (no boots)
MR     .....                    (no amulet)
Stlth  +.........               (no ring)
                                (no ring)

@: not resistant to hostile enchantments, very unstealthy
A: talons 1, thin metallic scales 1
a: Renounce Religion


You were on level 3 of the Dungeon.
You worshipped Xom.
You were a toy of Xom.
You were not hungry.

You visited 1 branch of the dungeon, and saw 3 of its levels.

You collected 121 gold pieces.

Inventory:

Hand weapons
 a - a +0 falchion of chaos (weapon)
 n - a +1 falchion
Armour
 b - a +3 leather armour (worn)
 m - a +0 helmet (worn)
Scrolls
 d - a scroll of enchant armour
 e - a scroll of teleportation
 f - 2 scrolls of remove curse
 g - 4 scrolls of identify
 h - a scroll of fog
Potions
 i - a potion of restore abilities {unknown}
Comestibles
 c - 4 bread rations
 k - 2 fruits


   Skills:
 - Level 3.0 Fighting
 + Level 4.8 Long Blades
 - Level 1.7 Armour
 - Level 0.8 Dodging


You had 3 spell levels left.
You didn't know any spells.

Dungeon Overview and Level Annotations

Branches:
Dungeon (3/15)

Altars:
Gozag
Nemelex Xobeh

Annotations:
D:3 Natasha


Innate Abilities, Weirdness & Mutations

You have sharp toenails.
You are partially covered in thin metallic scales (AC +2).


Message History

Natasha claws you.
The iron imp grins evilly.
The iron imp hits you but does no damage.
You hit Natasha.
Natasha is lightly wounded.
Natasha hisses.
Natasha claws you. The iron imp hits you.
You closely miss Natasha. Your kick misses Natasha.
Natasha is lightly wounded.
Natasha claws you but does no damage. The iron imp hits you.
* * * LOW HITPOINT WARNING * * *
You closely miss Natasha.
Natasha is lightly wounded.
Xom's power almost touches on you for a moment.
You seem to have forgotten something, but you can't remember what it was!
Natasha claws you.
* * * LOW HITPOINT WARNING * * *
The iron imp hits you.
You die...
Xom titters!

. ...# .... ...###
..... ...# ...#
##h.##<# #@5# #.# # #
#)####.###### #.##.
#.#!.....?..#.
#....##.#.........#.#
#.%.#.#...........##
##..$.†#.............
#..........!.)..<..#
##..#...)(.......#
#..#.#..........#


You could see an iron imp and Natasha.

Vanquished Creatures
  2 adders
  3 worms
  3 giant geckos
  2 oozes
  3 orcs (D:3)
  A ball python (D:3)
  12 goblins
  5 hobgoblins
  7 kobolds
  A quokka (D:2)
  6 bats
  A giant newt (D:3)
  4 jackals (D:2)
  2 rats
52 creatures vanquished.

Notes
Turn   | Place    | Note
--------------------------------------------------------------
     0 | D:1      | McCoppin, the Demonspawn Chaos Knight, began the quest for the Orb.
     0 | D:1      | Reached XP level 1. HP: 18/18 MP: 1/1
   286 | D:1      | XOM: divination: magic mapping
   310 | D:1      | Gained mutation: You are partially covered in thin metallic scales (AC +2). [demonic ancestry]
   310 | D:1      | Reached XP level 2. HP: 24/24 MP: 2/2
   474 | D:1      | XOM: harmless Ice miscast
   693 | D:1      | XOM: colour smoke trail
   959 | D:2      | XOM: confusion
  1116 | D:2      | Reached XP level 3. HP: 24/29 MP: 3/3
  1285 | D:2      | Reached skill level 4 in Long Blades
  1927 | D:2      | Found a sparkling altar of Nemelex Xobeh.
  1928 | D:2      | Found an opulent altar of Gozag.
  1974 | D:3      | Gained mutation: You have sharp toenails. [demonic ancestry]
  1974 | D:3      | Reached XP level 4. HP: 35/35 MP: 4/4
  2037 | D:3      | XOM: silly message
  2170 | D:3      | XOM: medium Erth miscast
  2301 | D:3      | Noticed Natasha
  2311 | D:3      | XOM: harmless Divn miscast
  2311 | D:3      | Slain by an iron imp

Action                   |  1- 3 |  4- 6 || total
-------------------------+-------+-------++-------
Melee: Falchion          |   126 |    62 ||   188
  Use: Potion            |     1 |       ||     1
       Scroll            |     2 |     5 ||     7
 Stab: Petrifying        |     1 |       ||     1
       Confused          |       |     1 ||     1
  Eat: Chunk             |     2 |       ||     2
       Fruit             |     1 |     2 ||     3
